 Dungeon Crawl Stone Soup version 0.18.1-50-g88ac8fd (webtiles) character file.

12982 Gaplan the Grappler (level 11, -11/99 HPs)
             Began as a Minotaur Monk on Oct 23, 2016.
             Was an Elder of the Shining One.
             Killed from afar by a deep elf knight (35 damage)
             ... with a shard of ice
             ... on level 11 of the Dungeon.
             The game lasted 00:36:50 (12466 turns).

Gaplan the Grappler (Minotaur Monk)                Turns: 12466, Time: 00:36:51

Health: -11/99     AC: 10    Str: 23    XL:     11   Next: 69%
Magic:  19/21      EV: 13    Int: 12    God:    the Shining One [****..]
Gold:   490        SH:  6    Dex: 15    Spells: 0 memorised, 10 levels left

rFire  . . .     SeeInvis .       - Unarmed
rCold  . . .     Gourm    .     J - +0 leather armour
rNeg   + + .     Faith    +     (no shield)
rPois  .         Spirit   .     P - +3 hat of Pondering {ponderous, MR+ MP+10 Int+5}
rElec  .         Dismiss  .     (no cloak)
rCorr  .         Reflect  .     H - +1 pair of gloves
SustAt +         Harm     .     n - +0 pair of boots
MR     +....                    x - amulet of faith
Stlth  +.........               y - +6 ring of strength
                                h - ring of sustain attributes

@: divine shield, glowing, slow, somewhat resistant to hostile enchantments,
very unstealthy
A: retaliatory headbutt, horns 2
a: Divine Shield, Cleansing Flame, Renounce Religion


You were on level 11 of the Dungeon.
You worshipped the Shining One.
The Shining One was greatly pleased with you.
You were not hungry.

You visited 2 branches of the dungeon, and saw 12 of its levels.

You collected 594 gold pieces.
You spent 104 gold pieces at shops.

Inventory:

Armour
 a - a +0 robe
 n - a +0 pair of boots (worn)
 H - a +1 pair of gloves (worn)
 J - a +0 leather armour (worn)
 O - a +0 helmet
 P - the +3 hat of Pondering (worn) {ponderous, MR+ MP+10 Int+5}
   (You took it off Gastronok on level 9 of the Dungeon)

   It affects your intelligence (+5).
   It affects your resistance to hostile enchantments.
   It affects your magic capacity (+10).
 V - a troll hide
Jewellery
 c - an uncursed ring of resist corrosion {unknown}
 h - a ring of sustain attributes (left hand)
 v - an uncursed ring of magical power
 x - an amulet of faith (around neck)
 y - a +6 ring of strength (right hand)
 I - a +3 ring of dexterity {unknown}
 R - a +4 ring of dexterity {unknown}
Wands
 z - a wand of flame (37/48)
 E - a wand of flame (48/48)
 K - a wand of acid (8/15)
 T - a wand of polymorph (15/24)
Scrolls
 e - 3 scrolls of enchant weapon
 f - 5 scrolls of teleportation
 j - a scroll of recharging
 k - 9 scrolls of identify
 l - 3 scrolls of enchant armour
 m - 2 scrolls of amnesia
 o - a scroll of immolation {unknown}
 t - 11 scrolls of remove curse
 u - 2 scrolls of blinking
 M - a scroll of acquirement {unknown}
 N - a scroll of torment {unknown}
 Q - a scroll of brand weapon {unknown}
Potions
 d - a potion of magic {unknown}
 g - 2 potions of brilliance
 i - 2 potions of might
 p - a potion of lignification {unknown}
 q - a potion of mutation {unknown}
 r - 2 potions of invisibility {unknown}
 s - 2 potions of resistance
 B - 4 potions of curing {unknown}
 F - 2 potions of cancellation {unknown}
 G - a potion of ambrosia {unknown}
 L - 6 potions of degeneration {unknown}
 S - a potion of agility {unknown}
Books
 C - an Akashic Record

   Spells                             Type                      Level
   a - Dispersal                      Translocation                6
   b - Malign Gateway                 Summoning/Translocation      7
   c - Disjunction                    Translocation                8
   d - Controlled Blink               Translocation                8
Comestibles
 b - 4 bread rations
 w - 2 meat rations
 A - 28 fruits
 D - 2 beef jerkies


   Skills:
 + Level 9.9 Fighting
 * Level 7.8 Armour
 + Level 9.9 Dodging
 - Level 3.2 Stealth
 * Level 14.1 Unarmed Combat
 + Level 2.3 Invocations


You had 10 spell levels left.
You didn't know any spells.

Dungeon Overview and Level Annotations

Branches:
Dungeon (11/15)            Temple (1/1) D:7             Orc (0/2) D:11
   Lair: D:8-11

Altars:
Ashenzari
Cheibriados
Dithmenos
Elyvilon
Fedhas
Gozag
Kikubaaqudgha
Makhleb
Nemelex Xobeh
Okawaru
Pakellas
Qazlal
Ru
Sif Muna
Trog
Vehumet
Xom
Yredelemnul
Zin
The Shining One

Shops:
D:4 *   D:5 =(   D:7 *   D:8 !%?}

Annotations:
D:10 exclusion: ice statue


Innate Abilities, Weirdness & Mutations

You reflexively headbutt those who attack you in melee.
You have a pair of horns on your head.


Message History

You closely miss the deep elf knight.
The deep elf knight is moderately wounded.
The deep elf knight hits you with a scimitar.
A divine shield forms around you!
You feel slightly more hungry.
The deep elf knight hits you with a scimitar! x2
You hit the deep elf knight. You headbutt the deep elf knight!
The deep elf knight is heavily wounded.
The deep elf knight hits you with a scimitar!
* * * LOW HITPOINT WARNING * * *
There is an open door, spattered with blood here.
Things that are here:
a rapier; a leather armour; a buckler The deep elf knight hits you with a scimitar.
* * * LOW HITPOINT WARNING * * *
Drink which item? (? for menu, Esc to quit)
Okay, then.
There is a stone staircase leading up, spattered with blood here.
The deep elf knight casts a spell at you.
The shard of ice hits you!
You die...

...>.......#
#.........#
#.....(...#
#.........#
#######.###
#).#
####)####
#..).e..#
#....@..#
+.......#
#.......#
#.......#
#...(...#
##+######


You could see a deep elf knight (invisible).

Vanquished Creatures
  Gastronok (D:9)
  Erolcha (D:9)
  2 orc knights (D:11)
  Maurice (D:8)
  Joseph (D:11)
  Psyche (D:9)
  2 trolls
  Grinder (D:5)
  Prince Ribbit (D:8)
  Sigmund (D:3)
  9 yaks
  3 wyverns
  Menkaure (D:6)
  2 water moccasins (D:9)
  A black bear (D:10)
  7 orc warriors
  9 ice beasts
  2 phantoms
  5 ogres
  6 centaurs
  A crocodile (D:11)
  A big kobold (D:9)
  8 giant frogs
  3 scorpions
  9 killer bees
  A howler monkey (D:9)
  3 electric eels (D:10)
  3 crimson imps
  A giant frog zombie (D:8)
  A quasit (D:7)
  3 iron imps (D:4)
  2 jellies
  5 orc priests
  15 hounds
  3 iguanas
  11 orc wizards
  3 giant frog skeletons
  Jessica (D:2)
  3 worker ants
  2 hound skeletons
  A worker ant zombie (D:9)
  4 adders
  4 shadow imps
  2 oozes
  An adder zombie (D:6)
  2 dart slugs
  4 worms
  7 giant geckos
  43 orcs
  5 giant cockroaches
  11 goblins
  8 hobgoblins
  16 jackals
  4 quokkas
  9 bats
  A giant gecko zombie (D:6)
  4 kobolds
  2 quokka skeletons
  4 rats
268 creatures vanquished.

Vanquished Creatures (others)
  A giant cockroach (D:4)
  A bat (D:3)
2 creatures vanquished.

Grand Total: 270 creatures vanquished

Notes
Turn   | Place    | Note
--------------------------------------------------------------
     0 | D:1      | Gaplan the Minotaur Monk began the quest for the Orb.
     0 | D:1      | Reached XP level 1. HP: 19/19 MP: 0/0
   256 | D:1      | Reached XP level 2. HP: 9/27 MP: 1/1
   657 | D:1      | Reached skill level 5 in Unarmed Combat
  1008 | D:2      | Reached XP level 3. HP: 33/33 MP: 2/2
  1451 | D:2      | Noticed Jessica
  1458 | D:2      | Killed Jessica
  1458 | D:2      | Reached XP level 4. HP: 13/40 MP: 3/3
  1773 | D:3      | Found a radiant altar of Vehumet.
  1818 | D:3      | Found a shattered altar of Ashenzari.
  2198 | D:3      | Noticed Sigmund
  2216 | D:3      | Killed Sigmund
  2216 | D:3      | Reached skill level 6 in Unarmed Combat
  2216 | D:3      | Reached XP level 5. HP: 46/46 MP: 4/4
  2216 | D:3      | Reached XP level 6. HP: 52/52 MP: 5/5
  2297 | D:3      | Found a bloodstained altar of Trog.
  2699 | D:4      | Reached skill level 5 in Dodging
  3050 | D:4      | Found Uvael's Assorted Antiques.
  3058 | D:4      | Bought a potion of flight for 60 gold pieces
  3103 | D:4      | Found a glowing golden altar of the Shining One.
  3110 | D:4      | Became a worshipper of the Shining One
  3110 | D:4      | Reached * piety under the Shining One
  3110 | D:4      | Reached ** piety under the Shining One
  3149 | D:4      | Found a shadowy altar of Dithmenos.
  3266 | D:4      | Reached skill level 7 in Unarmed Combat
  3777 | D:4      | Reached XP level 7. HP: 58/60 MP: 6/6
  3778 | D:4      | Found a burning altar of Makhleb.
  4172 | D:5      | Entered Level 5 of the Dungeon
  4198 | D:5      | Reached skill level 5 in Fighting
  4441 | D:5      | Found Vevyag's Weapon Boutique.
  4617 | D:5      | Found Muinul Hese's Jewellery Shoppe.
  4650 | D:5      | Noticed Grinder
  4681 | D:5      | Killed Grinder
  4681 | D:5      | Reached skill level 8 in Unarmed Combat
  5089 | D:6      | Found a stormy altar of Qazlal.
  5105 | D:6      | Found an iron altar of Okawaru.
  5109 | D:6      | Reached XP level 8. HP: 69/69 MP: 7/7
  5208 | D:6      | Noticed Menkaure
  5218 | D:6      | The Shining One protects you from harm!
  5219 | D:6      | Killed Menkaure
  5543 | D:6      | Reached *** piety under the Shining One
  5895 | D:6      | Reached skill level 9 in Unarmed Combat
  6296 | D:7      | Found Vaosaale's Assorted Antiques.
  6393 | D:7      | Reached skill level 1 in Armour
  6646 | D:7      | Found a staircase to the Ecumenical Temple.
  6764 | D:7      | Reached XP level 9. HP: 69/78 MP: 8/8
  6769 | D:7      | Reached skill level 10 in Unarmed Combat
  7195 | Temple   | Entered the Ecumenical Temple
  7457 | D:8      | Found Jifomn's Food Shop.
  7472 | D:8      | Noticed Prince Ribbit
  7484 | D:8      | Killed Prince Ribbit
  7687 | D:8      | Found Lirghal's Gadget Shoppe.
  7706 | D:8      | Noticed Maurice
  7720 | D:8      | Killed Maurice
  7726 | D:8      | Found Utiqex's Magic Scroll Emporium.
  7927 | D:8      | Reached skill level 11 in Unarmed Combat
  8075 | D:8      | Found Tovysepo's Distillery.
  8097 | D:8      | Reached skill level 5 in Armour
  8116 | D:8      | Bought a potion of might for 44 gold pieces
  8211 | D:9      | Noticed Psyche
  8222 | D:9      | Killed Psyche
  8222 | D:9      | Reached XP level 10. HP: 66/88 MP: 5/9
  8294 | D:9      | Reached **** piety under the Shining One
  8523 | D:9      | Noticed Gastronok
  8565 | D:9      | Killed Gastronok
  8565 | D:9      | Reached skill level 12 in Unarmed Combat
  8565 | D:9      | Reached skill level 1 in Invocations
  9006 | D:9      | Noticed Erolcha
  9024 | D:9      | Killed Erolcha
  9392 | D:9      | Reached skill level 13 in Unarmed Combat
  9523 | D:9      | Reached XP level 11. HP: 72/97 MP: 11/11
  9799 | D:10     | Entered Level 10 of the Dungeon
 11428 | D:11     | Found a staircase to the Orcish Mines.
 11470 | D:10     | HP: 3/99 [electric eel/bolt of electricity (2)]
 12153 | D:11     | Noticed an orc knight
 12154 | D:11     | Noticed an orc knight
 12154 | D:11     | Noticed Joseph
 12178 | D:11     | Killed an orc knight
 12178 | D:11     | Reached skill level 14 in Unarmed Combat
 12184 | D:11     | Killed an orc knight
 12190 | D:11     | Killed Joseph
 12449 | D:11     | Noticed a deep elf knight
 12466 | D:11     | Killed from afar by a deep elf knight

Skill      XL: |  1  2  3  4  5  6  7  8  9 10 11 |
---------------+----------------------------------+-----
Unarmed Combat | 5 6 7 8 9 11 13 14 | 14.1
Fighting       | 4 5 6 8 9 |  9.9
Dodging        | 4 5 6 7 8 9 |  9.9
Stealth        | 2 3 |  3.2
Armour         | 2 5 6 7 |  7.8
Invocations    | 1 2 |  2.3

Action                   |  1- 3 |  4- 6 |  7- 9 | 10-12 || total
-------------------------+-------+-------+-------+-------++-------
Melee: Unarmed           |    74 |   113 |   266 |   271 ||   724
       Headbutt          |    11 |    23 |    57 |    68 ||   159
       Punch             |     1 |     4 |     9 |    16 ||    30
Invok: Divine Shield     |       |       |     2 |     6 ||     8
  Use: Potion            |     1 |       |     2 |     2 ||     5
       Scroll            |     1 |       |     8 |       ||     9
 Stab: Sleeping          |     2 |     3 |     1 |       ||     6
       Distracted        |       |     1 |       |       ||     1
  Eat: Chunk             |     2 |     7 |    13 |    10 ||    32
       Beef jerky        |       |       |     1 |       ||     1
       Meat ration       |       |       |       |     1 ||     1
Armor: Robe              |    10 |    13 |     9 |       ||    32
       Leather armour    |       |       |    20 |    41 ||    61
Dodge: Dodged            |    44 |    73 |   157 |   176 ||   450
Block: Other             |       |       |     6 |    27 ||    33
